 Dungeon Sprint DCSS version 0.31-a0-408-gb642c7f9a3 (webtiles) character file.

Game seed: 2487792280204169876

135 zazu2006 the Carver (level 5, -1/41 HPs)
             Began as a Gnoll Wanderer on July 29, 2023.
             Succumbed to a scorpion's poison
             ... in the Dungeon (Sprint IX: "|||||||||||||||||||||||||||||").
             The game lasted 00:00:46 (59 turns).

zazu2006 the Carver (Gnoll Wanderer)                  Turns: 59, Time: 00:00:47

Health: -1/41      AC:  3    Str: 14    XL:     5   Next: 18%
Magic:  4/10       EV: 12    Int:  8    God:
Gold:   0          SH:  0    Dex: 14    Spells: 10/10 levels left

rFire   . . .        a - +2 falchion
rCold   . . .        (no shield)
rNeg    . . .        e - +0 leather armour
rPois   .            (no helmet)
rElec   .            (no cloak)
rCorr   .            (no gloves)
SInv    .            (no boots)
Will    .....        (no amulet)
Stlth   ++           (no ring)
HPRegen 0.26/turn    (no ring)
MPRegen 0.12/turn

%: no teleportation
@: lethally poisoned (-1 -> -8), on berserk cooldown, slowed, very slow
A: fangs 1, strong nose, distributed training
a: no special abilities


You were in the Dungeon.
You visited 1 branch

Inventory:

Hand Weapons
 a - a +2 falchion (weapon)
 b - a +0 mace
Armour
 e - a +0 leather armour (worn)
Wands
 c - a wand of flame (7) (quivered)
Scrolls
 j - a scroll of blinking
Potions
 g - a potion of haste
 h - 2 potions of magic


   Skills:
 + Level 3.3 Fighting
 + Level 3.3 Short Blades
 + Level 9.2 Long Blades
 + Level 3.3 Axes
 + Level 4.3 Maces & Flails
 + Level 3.3 Polearms
 + Level 3.3 Staves
 + Level 3.3 Ranged Weapons
 + Level 3.3 Throwing
 + Level 5.7 Armour
 + Level 3.3 Dodging
 + Level 3.3 Stealth
 + Level 3.3 Shields
 + Level 3.3 Unarmed Combat
 + Level 3.3 Spellcasting
 + Level 2.7 Conjurations
 + Level 2.7 Hexes
 + Level 2.7 Summonings
 + Level 2.7 Necromancy
 + Level 2.7 Translocations
 + Level 2.7 Transmutations
 + Level 2.7 Fire Magic
 + Level 2.7 Ice Magic
 + Level 2.7 Air Magic
 + Level 2.7 Earth Magic
 + Level 2.7 Poison Magic
 + Level 4.5 Invocations
 + Level 5.7 Evocations
 + Level 2.7 Shapeshifting


You had 10 spell levels left.
You didn't know any spells.
Your spell library was empty.

Dungeon Overview and Level Annotations

Branches:
Dungeon (1/1)

Altars:


Innate Abilities, Weirdness & Mutations

You have very sharp teeth.
Your uncanny sense of smell can sniff out nearby items.
Your experience applies equally to all skills.


Message History

Your Summonings skill increases to level 2!
Your Necromancy skill increases to level 2!
Your Translocations skill increases to level 2!
Your Transmutations skill increases to level 2!
Your Fire Magic skill increases to level 2!
Your Ice Magic skill increases to level 2!
Your Air Magic skill increases to level 2!
Your Earth Magic skill increases to level 2!
Your Poison Magic skill increases to level 2!
Your Invocations skill increases to level 4!
Your Shapeshifting skill increases to level 2!
You have reached level 4!
You feel agile.
Unknown command.
Unknown command.
You slash the iguana!
You kill the iguana!
* * * LOW HITPOINT WARNING * * *
You feel sick.
You have reached level 5!
Unknown command.
* * * LOW HITPOINT WARNING * * *
You feel very sick.
You slash the adder!
You kill the adder!
* * * LOW HITPOINT WARNING * * *
You feel sick.
* * * LOW HITPOINT WARNING * * *
You feel sick.
There is an open door, spattered with blood here.
Items here: ††††.
You feel a strong urge to attack something.
* * * LOW HITPOINT WARNING * * *
You feel sick.
* * * LOW HITPOINT WARNING * * *
You feel sick.
You feel your anger nearly subside.
You are no longer berserk.
You are exhausted.
You feel yourself slow down.
You die...

∆ ∆
∆ ∆
▓+▓
∆
▓.▓
∆
▓.▓
∆
▓@▓
∆
▓.▓
∆
▓.▓
∆
▓†▓
∆
▓.▓
∆
▓.▓
▓.▓
▓.▓
▓.▓


There were no monsters in sight!

Vanquished Creatures
  A scorpion (D)
  A hound (D)
  An iguana (D)
  2 adders (D)
  A giant cockroach (D)
  A kobold (D)
  A ball python (D)
  A bat (D)
  A frilled lizard (D)
10 creatures vanquished.

Notes
Turn   | Place    | Note
-------+----------+-------------------------------------------
     0 | D        | zazu2006 the Gnoll Wanderer began the quest for the Orb.
     0 | D        | zazu2006 set off with the following items: a +2 falchion, a
                  | +0 mace, a wand of flame (7), 2 potions of curing, a +0
                  | leather armour, a potion of heal wounds, a potion of haste,
                  | 2 potions of magic, a potion of berserk rage, a scroll of
                  | blinking.
     0 | D        | Reached XP level 1. HP: 13/13 MP: 2/2
    29 | D        | Noticed a scorpion
    29 | D        | Noticed an iguana
    29 | D        | Noticed a hound
    32 | D        | Reached skill level 1 in Fighting
    32 | D        | Reached skill level 1 in Short Blades
    32 | D        | Reached skill level 1 in Axes
    32 | D        | Reached skill level 1 in Polearms
    32 | D        | Reached skill level 1 in Staves
    32 | D        | Reached skill level 1 in Ranged Weapons
    32 | D        | Reached skill level 1 in Throwing
    32 | D        | Reached skill level 1 in Dodging
    32 | D        | Reached skill level 1 in Stealth
    32 | D        | Reached skill level 1 in Shields
    32 | D        | Reached skill level 1 in Unarmed Combat
    32 | D        | Reached skill level 1 in Spellcasting
    32 | D        | Reached skill level 1 in Conjurations
    32 | D        | Reached skill level 1 in Hexes
    32 | D        | Reached skill level 1 in Summonings
    32 | D        | Reached skill level 1 in Necromancy
    32 | D        | Reached skill level 1 in Translocations
    32 | D        | Reached skill level 1 in Transmutations
    32 | D        | Reached skill level 1 in Fire Magic
    32 | D        | Reached skill level 1 in Ice Magic
    32 | D        | Reached skill level 1 in Air Magic
    32 | D        | Reached skill level 1 in Earth Magic
    32 | D        | Reached skill level 1 in Poison Magic
    32 | D        | Reached skill level 1 in Shapeshifting
    32 | D        | Reached XP level 2. HP: 20/21 MP: 2/4
    39 | D        | Reached skill level 5 in Armour
    39 | D        | Reached skill level 5 in Evocations
    39 | D        | Reached XP level 3. HP: 16/27 MP: 2/6
    52 | D        | Killed a scorpion
    53 | D        | Reached skill level 9 in Long Blades
    53 | D        | Reached XP level 4. HP: 10/35 MP: 3/8
    54 | D        | Reached XP level 5. HP: 10/41 MP: 3/9
    56 | D        | HP: 3/61 [poisoned by a scorpion]
    59 | D        | Succumbed to a scorpion's poison

Illustrated notes

Levels and vault maps discovered:
D:        linesprint [early_d, line_temple, items_1, d_10, items_2, lair_1,
          lair_end, items_3, orc_1, orc_end, items_4, d_15, swamp_1, shoals_1,
          snake_1, spider_1, d_20, vaults_1, items_5, swamp_end, shoals_end,
          snake_end, spider_end, vaults_end, d_27, items_6, zot_1, zot_end,
          crypt_end, forest_end, elf_end, slime_end, tomb_end, abyss_end,
          pan_hell_end]

Skill      XL: |  1  2  3 |
---------------+----------+-----
Fighting       | 1 2 3 |  3.3
Short Blades   | 1 2 3 |  3.3
Axes           | 1 2 3 |  3.3
Polearms       | 1 2 3 |  3.3
Staves         | 1 2 3 |  3.3
Ranged Weapons | 1 2 3 |  3.3
Throwing       | 1 2 3 |  3.3
Dodging        | 1 2 3 |  3.3
Stealth        | 1 2 3 |  3.3
Shields        | 1 2 3 |  3.3
Unarmed Combat | 1 2 3 |  3.3
Spellcasting   | 1 2 3 |  3.3
Conjurations   | 1 2 |  2.7
Hexes          | 1 2 |  2.7
Summonings     | 1 2 |  2.7
Necromancy     | 1 2 |  2.7
Translocations | 1 2 |  2.7
Transmutations | 1 2 |  2.7
Fire Magic     | 1 2 |  2.7
Ice Magic      | 1 2 |  2.7
Air Magic      | 1 2 |  2.7
Earth Magic    | 1 2 |  2.7
Poison Magic   | 1 2 |  2.7
Invocations    | 3 4 |  4.5
Shapeshifting  | 1 2 |  2.7
Maces & Flails | 3 4 |  4.3
Armour         | 5 |  5.7
Evocations     | 5 |  5.7
Long Blades    | 9 |  9.2

Action                     |  1- 3 |  4- 6 || total
---------------------------+-------+-------++-------
  Melee: Falchion          |    31 |     2 ||    33
    Use: Potion            |     4 |       ||     4
 Armour: Leather armour    |     8 |       ||     8
  Dodge: Dodged            |     8 |       ||     8

Table legend: (Time is in decaauts)
 A = Elapsed time spent in this place.
 B = Non-inter-level travel time spent in this place.
 C = Inter-level travel time spent in this place.
 D = Time resting spent in this place.
 E = Time spent auto-exploring this place.
 F = Levels seen in this place.
 G = Mean time per level.
                   A        B        C        D        E       F      G
               +--------+--------+--------+--------+--------+-----+--------+
         Total |     51 |     51 |      0 |      7 |      0 |   1 |   51.0 |
       Dungeon |     51 |     51 |      0 |      7 |      0 |   1 |   51.0 |
               +--------+--------+--------+--------+--------+-----+--------+

Top non-repeatable levels by time:
       D: 51 daAuts
